 Dungeon Crawl Stone Soup version 0.27.1-34-g3ba077fa99 (webtiles) character file.

Game seed: 18380820416291906145

7 zeram the Sneak (level 2, -4/17 HPs)
             Began as an Octopode Enchanter on Feb 14, 2022.
             Slain by a goblin (5 damage)
             ... on level 1 of the Dungeon.
             The game lasted 00:01:05 (425 turns).

zeram the Sneak (Octopode Enchanter)                 Turns: 425, Time: 00:01:06

Health: -4/17      AC:  1    Str:  7    XL:     2   Next: 0%
Magic:  5/5        EV: 13    Int: 17    God:
Gold:   9          SH:  0    Dex: 12    Spells: 4/5 levels left

rFire    . . .     SeeInvis .   a - +1 dagger
rCold    . . .     Faith    .   (no shield)
rNeg     . . .     Spirit   .   (helmet restricted)
rPois    .         Reflect  .   (no amulet)
rElec    .         Harm     .   (no ring)
rCorr    .         Rampage  .   (no ring)
Will     .....                  (no ring)
Stlth    +++.......             (no ring)
HPRegen  0.05/turn              (no ring)
MPRegen  0.09/turn              (no ring)
                                (no ring)
                                (no ring)

@: no status effects
A: almost no armour, amphibious, 8 rings, camouflage 1, gelatinous body 1,
(nimble swimmer 1), tentacles
a: no special abilities


You were on level 1 of the Dungeon.
You visited 1 branch of the dungeon, and saw 1 of its levels.

You collected 9 gold pieces.

Inventory:

Hand Weapons
 a - a +1 dagger (weapon)
Scrolls
 b - a scroll of teleportation {unknown}
 c - a scroll of blinking {unknown}
 d - a scroll of identify {unknown}


   Skills:
 + Level 1.0 Short Blades
 + Level 2.0 Dodging
 + Level 4.2 Stealth
 + Level 2.1 Spellcasting
 + Level 3.2 Hexes


You had 4 spell levels left.
You knew the following spells:

 Your Spells              Type           Power      Damage    Failure   Level
a - Corona                Hex            13%        N/A       4%          1

Your spell library contained the following spells:

 Spells                   Type           Power      Damage    Failure   Level
 Ensorcelled Hibernation  Hex/Ice        14%        N/A       16%         2
 Confusing Touch          Hex            12%        N/A       16%         3
 Tukima's Dance           Hex            12%        N/A       16%         3
 Dazzling Flash           Conj/Hex       14%        N/A       30%         3
 Chain Lightning          Conj/Air       0%         2d1       100%        9
 Fire Storm               Conj/Fire      0%         6d1       100%        9


Dungeon Overview and Level Annotations

Branches:
Dungeon (1/15)

Altars:


Innate Abilities, Weirdness & Mutations

You cannot wear most types of armour.
You are amphibious.
You can wear up to eight rings at the same time.
Your skin changes colour to match your surroundings (Stealth+).
Your rubbery body absorbs attacks. (AC +1, EV +1)
((You are camouflaged near water. (Stealth+)))
You have tentacles for arms and can constrict up to eight enemies at once.


Message History

You see here a +0 helmet.
Key pressed, stopping explore.
You open the door.
A ball python and a hobgoblin come into view.
There are monsters nearby!
There is an open door here.
The helpless hobgoblin fails to defend itself.
You puncture the hobgoblin!
You kill the hobgoblin!
The ball python hisses angrily.
A goblin comes into view. It is wielding a +0 club.
The ball python bites you. The ball python grabs you.
The ball python constricts you.
You closely miss the ball python. Your grab misses the ball python.
The ball python bites you. The ball python constricts you.
You are too injured to fight recklessly!
You are too injured to fight recklessly!
You are too injured to fight recklessly!
You barely miss the ball python. Your grab misses the ball python.
The ball python barely misses you. The ball python constricts you.
You barely miss the ball python. Your grab misses the ball python.
The goblin shouts!
The ball python bites you.
* * * LOW HITPOINT WARNING * * *
The ball python constricts you.
You hit the ball python. You grab the ball python.
The ball python is severely wounded.
You constrict the ball python.
You kill the ball python!
You have reached level 2!
Casting: Corona (safe; 4% risk of failure)
Confirm with . or Enter, or press ? or * to list all spells.
You don't know that spell.
Welcome back, zeram the Octopode Enchanter.
Press ? for a list of commands and other information.
The goblin hits you but does no damage. The goblin hits you with a +0 club.
* * * LOW HITPOINT WARNING * * *
The goblin hits you with a +0 club.
You die...

..[. #.# #.
##.#.######.## .#
............#
..#...........#
###.#.##..####.#######
....#.................
#....#.####.#######
+.g..'...........[.
#.@..#..###.#######
#.†..##.###.# #
.......##..##.# #
#....######.##.# #
#.... #.##.# # #....
#.##.# # #.... #..#.#
# ##### ##.#.# # #.#.#
#


You could see a goblin.

Vanquished Creatures
  3 ball pythons (D:1)
  2 bats (D:1)
  A hobgoblin (D:1)
  A kobold (D:1)
7 creatures vanquished.

Notes
Turn   | Place    | Note
-------+----------+-------------------------------------------
     0 | D:1      | zeram the Octopode Enchanter began the quest for the Orb.
     0 | D:1      | Reached XP level 1. HP: 11/11 MP: 3/3
   421 | D:1      | Reached XP level 2. HP: 2/17 MP: 5/5
   425 | D:1      | Slain by a goblin

Illustrated notes

Levels and vault maps discovered:
D:1:      eino_arrival_druids_welcome, layout_basic, minivault_4

Action                   || total
-------------------------++-------
Melee: Dagger            ||    16
       Constrict         ||     3
 Stab: Sleeping          ||     4
Armor: Skin              ||     3
Dodge: Dodged            ||     6
